 Dungeon Crawl Stone Soup version 0.16.2-12-gd0ad4c3 (webtiles) character file.

546 Havoc the Insei (level 7, 0/37 HPs)
             Began as a Vine Stalker Monk on July 31, 2015.
             Slain by Grinder (6 damage)
             ... on level 5 of the Dungeon on Sept 24, 2015.
             The game lasted 00:33:37 (3288 turns).

Havoc the Insei (Vine Stalker Monk)                 Turns: 3288, Time: 00:33:37

Health: 0/37       AC:  8    Str: 15    XL:     7   Next: 28%
Magic:  0/14       EV: 14    Int: 10    God:
Gold:   196        SH:  0    Dex: 17    Spells: 0 memorised, 10 levels left

rFire  + . .     SeeInvis .       - Unarmed
rCold  + . .     Clarity  .     o - +1 leather armour {rF+}
rNeg   . . .     SustAb   .     (no shield)
rPois  .         Gourm    +     v - +0 helmet
rElec  .         Spirit   +     (no cloak)
rCorr  .         Warding  .     w - +2 pair of gloves
rMut   .         Stasis   .     (no boots)
MR     .....                    q - amulet of the gourmand
Stlth  ++........               i - ring of protection from cold
                                e - ring of wizardry

@: not resistant to hostile enchantments, unstealthy
A: fangs 2, regeneration 2, magic shield, antimagic bite, no device heal 3, rot
immunity
a: no special abilities


You were on level 5 of the Dungeon.
You were not hungry.

You visited 1 branch of the dungeon, and saw 5 of its levels.

You collected 196 gold pieces.

Inventory:

Armour
 a - a +0 robe
 o - a +1 leather armour of fire resistance (worn)
 s - a +0 helmet
 v - a +0 helmet (worn)
 w - a +2 pair of gloves (worn)
Jewellery
 e - a ring of wizardry (left hand)
 i - a ring of protection from cold (right hand)
 q - an amulet of the gourmand (around neck)
Scrolls
 c - 4 scrolls of identify {unknown}
 g - 2 scrolls of blinking {unknown}
 j - a scroll of random uselessness {unknown}
 k - 2 scrolls of remove curse
 m - 2 scrolls of fear
 r - 2 scrolls of noise {unknown}
 t - a scroll of magic mapping {unknown}
 y - a scroll of teleportation {unknown}
 D - a scroll of enchant weapon {unknown}
Potions
 d - a potion of heal wounds {unknown}
 h - a potion of lignification {unknown}
 p - a potion of degeneration {unknown}
 u - a potion of curing {unknown}
 x - 2 potions of cure mutation {unknown}
 A - a potion of resistance {unknown}
 B - a potion of poison {unknown}
 E - a potion of beneficial mutation {unknown}
Comestibles
 b - 5 bread rations
 f - a slice of pizza
 l - a royal jelly
 n - 5 meat rations
 z - 4 fruits
 C - a chunk of flesh


   Skills:
 + Level 3.9 Fighting
 + Level 1.1 Armour
 + Level 3.8 Dodging
 + Level 3.6 Stealth
 * Level 5.8 Unarmed Combat
 * Level 2.4 Spellcasting


You had 10 spell levels left.
You didn't know any spells.

Dungeon Overview and Level Annotations

Branches:
Dungeon (5/15)
 Temple: D:4-7

Altars:
Ashenzari
Fedhas
Gozag
Xom

Shops:
D:2 *

Annotations:
D:5 1 runed door, Grinder


Innate Abilities, Weirdness & Mutations

You have extremely sharp teeth.
You heal very quickly.
When hurt, damage is shared between your health and your magic reserves.
Your bite disrupts and absorbs the magic of your enemies.
Potions and wands cannot restore your health.
You are immune to rotting.


Message History

You resist with significant effort. Grinder hits you.
You writhe in agony.
You barely miss Grinder. Grinder gestures at you.
You suddenly lose the ability to move!
Grinder hits you.
Grinder says, "Just stop there for a second..."
Grinder hits you but does no damage. Grinder hits you.
You writhe in agony.
Grinder hits you but does no damage. Grinder hits you!
You writhe in agony.
Grinder hits you!
You writhe in agony.
* * * LOW HITPOINT WARNING * * *
Grinder hits you.
* * * LOW HITPOINT WARNING * * *
You writhe in agony.
* * * LOW HITPOINT WARNING * * *
You can move again.
You barely miss Grinder. Grinder hits you!
You die...

###### . ##.......#...........
##....## ###.....#...........
#......# ##....########'###
#......##########..............##
#.........................>......
#......#######............#######
#......# #.#...>..###.. #
#......# #..5.###.# #.#. ##(...##
#..@####.# #....
#############..##....# ##. .<
#.............# . ...
..####......### .. .
#............. . ......######..#
###... .# #... # #...


You could see Grinder.

Vanquished Creatures
  Sigmund (D:5)
  A scorpion (D:3)
  A goliath beetle (D:5)
  2 orc priests
  2 orc wizards
  A worker ant (D:5)
  Terence (D:3)
  Robin (D:3)
  6 gnolls (D:2)
  6 adders
  2 giant mites
  3 worms
  An adder skeleton (D:4)
  2 giant geckos
  10 orcs
  6 bats
  A bat zombie (D:4)
  5 giant cockroaches
  18 goblins
  9 hobgoblins
  5 kobolds
  A giant gecko skeleton (D:4)
  4 giant newts (D:1)
  2 jackals
  A quokka (D:3)
  10 rats
102 creatures vanquished.

Notes
Turn   | Place    | Note
--------------------------------------------------------------
     0 | D:1      | Havoc, the Vine Stalker Monk, began the quest for the Orb.
     0 | D:1      | Reached XP level 1. HP: 11/11 MP: 1/1
    61 | D:1      | Reached XP level 2. HP: 11/16 MP: 3/3
   287 | D:2      | Upgraded the game from 0.16.1-51-g6203257 to 0.16.2-12-gd0ad4c3
   580 | D:1      | Reached XP level 3. HP: 19/19 MP: 4/4
   590 | D:1      | Reached skill level 1 in Spellcasting
   897 | D:2      | Found Gozag's Platinum Reserve.
   925 | D:2      | Found an opulent altar of Gozag.
   931 | D:2      | Reached XP level 4. HP: 21/24 MP: 6/6
  1419 | D:2      | Reached skill level 5 in Unarmed Combat
  1419 | D:2      | Reached XP level 5. HP: 4/28 MP: 6/9
  1665 | D:3      | Noticed Terence
  1688 | D:3      | Killed Terence
  1834 | D:3      | Noticed Robin
  1974 | D:3      | Killed Robin
  1974 | D:3      | Gained mutation: You heal very quickly. [vine stalker growth]
  1974 | D:3      | Reached XP level 6. HP: 25/32 MP: 8/11
  2081 | D:3      | Found a shimmering altar of Xom.
  2086 | D:3      | Found a shimmering altar of Xom.
  2087 | D:3      | Found a shimmering altar of Xom.
  2090 | D:3      | Found a shimmering altar of Xom.
  2090 | D:3      | Found a shimmering altar of Xom.
  2091 | D:3      | Found a shimmering altar of Xom.
  2135 | D:3      | Found a shattered altar of Ashenzari.
  2804 | D:4      | Reached skill level 1 in Armour
  2844 | D:5      | Entered Level 5 of the Dungeon
  2952 | D:5      | Found a runed door.
  2973 | D:5      | Found a runed door.
  3026 | D:5      | HP: 1/33 [goliath beetle (13)]
  3059 | D:5      | Reached XP level 7. HP: 20/37 MP: 5/14
  3129 | D:5      | Found a blossoming altar of Fedhas.
  3196 | D:5      | Noticed Sigmund
  3225 | D:5      | Killed Sigmund
  3274 | D:5      | Noticed Grinder
  3280 | D:5      | Paralysed by Grinder for 7 turns
  3288 | D:5      | Slain by Grinder

Action                   |  1- 3 |  4- 6 |  7- 9 || total
-------------------------+-------+-------+-------++-------
Melee: Unarmed           |    80 |   265 |    33 ||   378
  Use: Scroll            |       |     2 |       ||     2
 Stab: Sleeping          |     5 |     5 |       ||    10
  Eat: Chunk             |       |     7 |     1 ||     8
